cohdb
Replays
Latest Replays
All Replays
Popular Replays
Top Player Replays
Match Explorer
How It Works
Community
CoH3 Stats
Reddit
Sign in to upload your games and track your stats! →
Sign in with Steam
Match 19568952
Unlisted
Match 19568952
Overview
Messages
Build Orders
End
Construct Infanterie Kompanie
Selects Mechanized Battlegroup
MG 42 Machine Gun Team
Grenadier Squad
Grenadier Squad
Medical Station
Construct Panzergrenadier Kompanie
Selects Mobile Repair Stations
Grenadier Squad
251 Medium Carrier
MG 42 Machine Gun Team
Pioneer Squad
Selects Raid Package
Grenadier Squad
Pak 40 Anti-tank Gun Team
Support Elements
StuG III G Assault Gun
Grenadier Squad
AI Takeover
DireRadiant
MonoChrome
0
0
Comments
sign in to comment!
No comments posted yet!